 Dungeon Crawl Stone Soup version 0.23-a0-416-g33f1def (webtiles) character file.

474855 galech the Executioner (level 23, -3/176 HPs)
             Began as a Demonspawn Fighter on Nov 8, 2018.
             Was the Champion of Okawaru.
             Splashed by an acid blob's acid (6 damage)
             ... on level 2 of the Pits of Slime on Nov 9, 2018.
             The game lasted 02:01:54 (55166 turns).

galech the Executioner (Demonspawn Fighter)        Turns: 55166, Time: 02:01:55

Health: -3/176     AC: 31    Str: 24    XL:     23   Next: 60%
Magic:  0/44       EV:  8    Int: 17    God:    Okawaru [******]
Gold:   5332       SH: 30    Dex: 30    Spells: 22/22 levels left

rFire    + . .     SeeInvis .   L - +10 broad axe "Atahoyra" {protect, +Fly rPois Int+3}
rCold    + + .     Gourm    .   J - +2 large shield {AC+3}
rNeg     + + +     Faith    .   N - +7 gold dragon scales
rPois    +         Spirit   +   o - +3 hat of Pondering {ponderous, MR+ MP+10 Int+5}
rElec    .         Reflect  +   b - +1 cloak
rCorr    +         Harm     .   x - +2 pair of gloves {Dex+3}
MR       ++...                  (boots unavailable)
Stlth    ..........             c - amulet "Myekheum" {Reflect rC+ rN+ SH+4}
HPRegen  0.39/turn              K - ring "Tuokin" {*Drain rPois rN+++ MP+9 Str+5}
MPRegen  0.58/turn              W - ring of resist corrosion

@: corroded, protection aura, slow
A: talons 3, thin skeletal structure 3, blink, frail 1, low mp 1, negative
energy resistance 1, spiny 2, 50% torment resistance, magic shield, magic
regeneration, no potion heal 1, black mark, subdued magic 1
}: 2/15 runes: barnacled, gossamer
a: Blink, Heroism, Finesse, Renounce Religion, Evoke Flight


You were on level 2 of the Pits of Slime.
You worshipped Okawaru.
Okawaru was exalted by your worship.
You were not hungry.

You visited 9 branches of the dungeon, and saw 44 of its levels.
You also visited: Labyrinth, Ice Cave and Volcano.

You collected 5571 gold pieces.
You spent 239 gold pieces at shops.

Inventory:

Hand Weapons
 n - a +1 broad axe of flaming
 w - the +8 war axe "Ytamiweph" {elec, rPois Dex+6}
   (You took it off a deep elf annihilator on level 3 of the Elven Halls)

   Occasionally, upon striking a foe, it will discharge some electrical energy
   and cause terrible harm.
   It affects your dexterity (+6).
   It protects you from poison.
 L - the +10 broad axe "Atahoyra" (weapon) {protect, +Fly rPois Int+3}
   (Okawaru gifted it to you on level 5 of the Depths)

   It protects the one who uses it against injury (+AC on strike).
   It affects your intelligence (+3).
   It protects you from poison.
   It lets you fly.
Armour
 b - a +1 cloak (worn)
 o - the +3 hat of Pondering (worn) {ponderous, MR+ MP+10 Int+5}
   (You took it off Gastronok on level 2 of the Lair of Beasts)

   It affects your intelligence (+5).
   It affects your resistance to hostile enchantments.
   It affects your magic capacity (+10).
 x - a +2 pair of gloves of dexterity (worn)
 z - a scarf of cloud immunity
 J - a +2 large shield of protection (worn)
 N - +7 gold dragon scales (worn)
 T - a +0 shield of reflection
Jewellery
 c - the amulet "Myekheum" (around neck) {Reflect rC+ rN+ SH+4}
   (You found it on level 2 of the Orcish Mines)

   [amulet of reflection]

   It shields you and reflects attacks.
   It protects you from cold.
   It protects you from negative energy.
   It affects your SH (+4).
 p - an uncursed ring of protection from cold
 s - the ring of Padwodd {rF+ Str+5}
   (You found it in an ice cave)

   [ring of protection from fire]

   It affects your strength (+5).
   It protects you from fire.
 K - the ring "Tuokin" (left hand) {*Drain rPois rN+++ MP+9 Str+5}
   (You took it off a deep elf annihilator on level 3 of the Elven Halls)

   [ring of strength]

   It affects your strength (+5).
   It protects you from poison.
   It renders you almost immune to negative energy.
   It affects your magic capacity (+9).
   It causes draining when unequipped.
 Q - the ring of Modesty {*Drain rElec rPois rF+ Str+5}
   (You took it off a deep elf demonologist on level 3 of the Elven Halls)

   [ring of poison resistance]

   It affects your strength (+5).
   It protects you from fire.
   It insulates you from electricity.
   It protects you from poison.
   It causes draining when unequipped.
 W - a ring of resist corrosion (right hand)
 X - an uncursed ring of see invisible
Wands
 l - a wand of disintegration (14)
 Z - a wand of digging (10)
Scrolls
 e - 5 scrolls of magic mapping
 i - 11 scrolls of teleportation
 k - 8 scrolls of enchant weapon
 u - a scroll of brand weapon
 y - 8 scrolls of identify
 D - 4 scrolls of blinking
 E - a scroll of silence
 F - 3 scrolls of fog
 G - 3 scrolls of amnesia
 I - 6 scrolls of fear
 P - 13 scrolls of remove curse
 Y - 3 scrolls of summoning
Potions
 a - 2 potions of heal wounds
 d - 3 potions of mutation
 g - 23 potions of curing
 h - 3 potions of might
 j - 5 potions of brilliance
 m - a potion of invisibility
 r - 6 potions of haste
 t - 2 potions of resistance
 A - 7 potions of ambrosia
 C - 4 potions of flight
 H - 3 potions of magic
 O - 3 potions of berserk rage
 S - 7 potions of agility
 V - 3 potions of cancellation
Comestibles
 f - 70 rations


   Skills:
 + Level 19.9 Fighting
 + Level 21.8 Axes
 + Level 15.8 Armour
 + Level 5.3 Dodging
 + Level 3.2 Stealth
 + Level 19.3 Shields
 + Level 7.7 Invocations
 + Level 0.2 Evocations


You had 22 spell levels left.
You didn't know any spells.
Your spell library contained the following spells:

 Spells                   Type           Power        Failure   Level  Hunger
 Beastly Appendage        Tmut           #.....       100%        1    ##.....
 Corona                   Hex            #......      100%        1    ##.....
 Flame Tongue             Conj/Fire      #....        100%        1    ##.....
 Freeze                   Ice            #...         100%        1    ##.....
 Magic Dart               Conj           #...         100%        1    ##.....
 Pain                     Necr           #...         100%        1    ##.....
 Sandblast                Erth           #.....       100%        1    ##.....
 Sting                    Conj/Pois      #...         100%        1    ##.....
 Summon Butterflies       Summ           #.......     100%        1    ##.....
 Corpse Rot               Necr           N/A          100%        2    ###....
 Ensorcelled Hibernation  Hex/Ice        #.....       100%        2    ###....
 Passwall                 Tmut/Erth      #.......     100%        2    ###....
 Poisonous Vapours        Pois/Air       #.....       100%        2    ###....
 Searing Ray              Conj           #.....       100%        2    ###....
 Slow                     Hex            #.......     100%        2    ###....
 Sticks to Snakes         Tmut           #.......     100%        2    ###....
 Sublimation of Blood     Necr           #.........   100%        2    ###....
 Throw Flame              Conj/Fire      #.....       100%        2    ###....
 Throw Frost              Conj/Ice       #.....       100%        2    ###....
 Call Canine Familiar     Summ           #.......     100%        3    ####...
 Confuse                  Hex            #.......     100%        3    ####...
 Conjure Flame            Conj/Fire      #.......     100%        3    ####...
 Dazzling Spray           Conj/Hex       #.....       100%        3    ####...
 Ignite Poison            Fire/Tmut/Pois #.......     100%        3    ####...
 Inner Flame              Hex/Fire       #.......     100%        3    ####...
 Mephitic Cloud           Conj/Pois/Air  #.......     100%        3    ####...
 Ozocubu's Armour         Chrm/Ice       #.......     100%        3    ####...
 Portal Projectile        Hex/Tloc       #.....       100%        3    ####...
 Recall                   Summ/Tloc      N/A          100%        3    ####...
 Spider Form              Tmut/Pois      #.........   100%        3    ####...
 Stone Arrow              Conj/Erth      #.....       100%        3    ####...
 Tukima's Dance           Hex            #.......     100%        3    ####...
 Animate Dead             Necr           N/A          100%        4    #####..
 Cause Fear               Hex            #.........   100%        4    #####..
 Force Lance              Conj/Tloc      #.......     100%        4    #####..
 Fulminant Prism          Conj/Hex       #.........   100%        4    #####..
 Ice Form                 Ice/Tmut       #.......     100%        4    #####..
 Iskenderun's Mystic Bla  Conj           #.......     100%        4    #####..
 Leda's Liquefaction      Hex/Erth       #.........   100%        4    #####..
 Olgreb's Toxic Radiance  Pois           #.......     100%        4    #####..
 Petrify                  Tmut/Erth      #.......     100%        4    #####..
 Sticky Flame             Conj/Fire      #.......     100%        4    #####..
 Summon Ice Beast         Ice/Summ       #.......     100%        4    #####..
 Throw Icicle             Conj/Ice       #.......     100%        4    #####..
 Blade Hands              Tmut           #.........   100%        5    ######.
 Bolt of Magma            Conj/Fire/Erth #.........   100%        5    ######.
 Borgnjor's Vile Clutch   Necr/Erth      #.........   100%        5    ######.
 Fireball                 Conj/Fire      #.........   100%        5    ######.
 Irradiate                Conj/Tmut      #.........   100%        5    ######.
 Iskenderun's Battlesphe  Conj/Chrm      #.......     100%        5    ######.
 Lee's Rapid Deconstruct  Erth           #.........   100%        5    ######.
 Metabolic Englaciation   Hex/Ice        #.........   100%        5    ######.
 Silence                  Hex/Air        #.........   100%        5    ######.
 Summon Mana Viper        Hex/Summ       #.......     100%        5    ######.
 Venom Bolt               Conj/Pois      #.........   100%        5    ######.
 Bolt of Cold             Conj/Ice       #.........   100%        6    #######
 Bolt of Fire             Conj/Fire      #.........   100%        6    #######
 Darkness                 Hex            #.........   100%        6    #######
 Death Channel            Necr           #.........   100%        6    #######
 Freezing Cloud           Conj/Ice/Air   #.........   100%        6    #######
 Hydra Form               Tmut           #.........   100%        6    #######
 Iron Shot                Conj/Erth      #.........   100%        6    #######
 Ozocubu's Refrigeration  Ice            #.........   100%        6    #######
 Shadow Creatures         Summ           N/A          100%        6    #######
 Simulacrum               Ice/Necr       #.........   100%        6    #######
 Statue Form              Tmut/Erth      #........    100%        6    #######
 Dragon Form              Tmut           #.........   100%        7    #######
 Orb of Destruction       Conj           #.........   100%        7    #######
 Ring of Flames           Chrm/Fire      #.........   100%        7    #######
 Spellforged Servitor     Conj/Summ      #.........   100%        7    #######
 Summon Hydra             Summ           #.........   100%        7    #######
 Ignition                 Fire           #.........   100%        8    #######


Dungeon Overview and Level Annotations

Branches:
Dungeon (15/15)            Temple (1/1) D:5            Lair (6/6) D:10
 Shoals (4/4) Lair:4       Spider (4/4) Lair:3        Slime (4/5) Lair:5
    Orc (2/2) D:11            Elf (3/3) Orc:2        Vaults (0/5) D:13
 Depths (5/5) D:15            Zot (0/5) Depths:5

Altars:
Ashenzari
Cheibriados
Dithmenos
Elyvilon
Fedhas
Gozag
Hepliaklqana
Kikubaaqudgha
Nemelex Xobeh
Okawaru
Qazlal
Ru
Sif Muna
Trog
Uskayaw
Vehumet
Wu Jian
Xom
Yredelemnul
Zin
The Shining One
Beogh

Shops:
D:4 }   Orc:2 :?(*=   Shoals:2 }

Portals:
Hell: Depths:1 Depths:2 Depths:3 Depths:4 Depths:5
Abyss: Depths:4 Depths:5
Pandemonium: Orc:2 Depths:2 Depths:3
Ziggurat: Depths:1

Annotations:
Spider:1 2 transporters


Innate Abilities, Weirdness & Mutations

You have claws for feet.
You have an unnaturally thin skeletal structure. (Dex +6, Stealth++)
You resist negative energy. (rN+)
You are mostly covered in sharp spines.
You are somewhat able to resist unholy torments (1 in 2 success).
When hurt, damage is shared between your health and your magic reserves.
You regenerate magic rapidly.
Your melee attacks may debilitate your foes.
You can translocate small distances at will.
You are frail. (-10% HP)
Your magical capacity is low. (-10% MP)
Potions are less effective at restoring your health.
Your spells are a little easier to cast, but a little less powerful.


Message History

The acid blob spits acid at you. The splash of acid hits you!
You are splashed with acid!
The acid burns!
You resist.
* * * LOW HITPOINT WARNING * * *
You slice the acid blob!!
Your hands burn!
* * * LOW HITPOINT WARNING * * *
You claw the acid blob.
The acid blob is heavily wounded.
You are splashed with acid!
The wall burns you! You resist.
* * * LOW HITPOINT WARNING * * *
You slash the acid blob!
Your hands burn!
* * * LOW HITPOINT WARNING * * *
Your kick misses the acid blob.
The acid blob is heavily wounded.
You are splashed with acid!
The wall burns you! You resist.
* * * LOW HITPOINT WARNING * * *
The acid blob spits acid at you. The splash of acid hits you!
The acid corrodes you!
You are splashed with acid!
The acid burns!
You resist.
You die...

.... ##.#...........#.
.....##........<......#
.......#.........#.....
#..###......#..## ....
. #.......####.## ..
...###......# ...#
.........#.####.##
...###....####...####
..........##..@...#.##.
.#...#........J>.......
.........##.......#.#..
..........##.......#
.###.....#.###J..###
#.#.....###...#
###.......#...#
#............##...
..##.................


You could see 2 acid blobs.

Vanquished Creatures
  2 juggernauts (Depths:2)
  Sojobo (Depths:3)
  3 golden dragons
  12 caustic shrikes (Depths:5)
  Arachne (Spider:4)
  2 bone dragons (Depths:5)
  2 tentacled monstrosities (Depths:4)
  A deep elf blademaster (Elf:2)
  An Ice Fiend (IceCv)
  10 acid blobs
  A deep elf master archer (Elf:3)
  A quicksilver dragon (Depths:2)
  Gastronok (Lair:2)
  2 krakens
  2 storm dragons (Depths:2)
  Agnes (D:14)
  Kirke (Shoals:1)
  2 tengu reavers (Depths:3)
  Roxanne (Elf:3)
  3 shadow dragons
  5 azure jellies
  Donald (Elf:3)
  4 fire giants
  An iron dragon (Depths:4)
  6 deep elf sorcerers
  3 ghost moths
  A draconian scorcher (Depths:5)
  3 frost giants
  A balrug (Depths:2)
  A draconian knight (Depths:5)
  5 emperor scorpions
  3 deep elf elementalists (Elf:3)
  A draconian annihilator (Depths:5)
  16 very ugly things
  A reaper (Depths:2)
  2 spriggan defenders (Depths:4)
  12 stone giants
  6 entropy weavers
  A war gargoyle (Depths:2)
  The ghost of MisterFreud the Brawler, a journeyman TrHu of Ru (Orc:2)
  The ghost of eyesofgods1 the Brawler, a journeyman VSTm of Wu Jian (Orc:2)
  5 deep elf demonologists
  A vampire knight (Depths:5)
  10 spark wasps
  A minotaur (Lab)
  10 deep elf annihilators (Elf:3)
  A red draconian (Depths:5)
  A purple draconian (Depths:5)
  2 yellow draconians (Depths:5)
  7 ettins
  A blizzard demon (Depths:2)
  2 merfolk javelineers
  12 fire dragons
  7 deep elf death magi
  7 merfolk impalers
  A green death (Depths:3)
  7 great orbs of eyes
  6 deep elf high priests
  4 yaktaur captains
  6 rakshasas
  Erolcha (Orc:2)
  Harold (Orc:1)
  5 centaur warriors
  A merfolk avatar (Lair:6)
  11 ice dragons
  A hell beast (D:15)
  10 hydras
  4 merfolk aquamancers (Shoals:4)
  5 spriggan air magi
  A catoblepas (Lair:6)
  2 alligator snapping turtles
  19 dancing weapons
  A death knight (D:15)
  2 ogre magi
  6 death yaks
  A queen ant (Lair:2)
  A satyr (Shoals:1)
  10 two-headed ogres
  A hell hog (Depths:1)
  18 tengu warriors
  9 deep troll earth magi
  4 deep troll shamans
  3 soul eaters (Depths:2)
  A queen ant (shapeshifter) (Depths:5)
  7 orc high priests (Orc:2)
  A vampire mage (D:15)
  Urug (Lair:2)
  10 spriggan berserkers
  11 deep elf knights
  8 hell knights
  2 salamander mystics (Depths:5)
  3 sun demons (Depths:2)
  2 sixfirhies (Orc:2)
  5 iron trolls
  16 sea snakes
  8 skeletal warriors
  2 torturous demonspawn (Orc:2)
  2 quicksilver dragon simulacra (Depths:2)
  17 deep trolls
  An orange crystal statue (Lair:2)
  2 wizards
  2 flayed ghosts
  11 glowing orange brains
  A kraken simulacrum (Shoals:4)
  A golden dragon skeleton (Depths:4)
  A gelid demonspawn (Orc:2)
  4 necromancers
  13 deep elf archers
  8 harpies
  5 orc knights (Orc:2)
  44 deep elf magi
  42 wolf spiders
  23 orb spiders
  An iron dragon zombie (Depths:4)
  31 ugly things
  4 shining eyes
  5 cyclopes
  A stone giant zombie (D:15)
  5 orc sorcerers (Orc:2)
  21 manticores
  14 fauns
  A frost giant zombie (Depths:4)
  5 moths of wrath
  6 salamanders (Depths:5)
  An eye of devastation (Lair:5)
  9 rust devils
  5 black mambas
  9 merfolk sirens
  2 ice statues
  A fire giant skeleton (Depths:4)
  2 smoke demons
  2 molten gargoyles (Volcano)
  A black mamba (shapeshifter) (Depths:3)
  4 water nymphs
  An orange demon (Orc:2)
  13 spiny frogs
  5 elephants (Lair:6)
  4 kobold demonologists
  A yaktaur zombie (D:15)
  An efreet (Depths:2)
  A torpor snail (Spider:2)
  10 rime drakes
  A komodo dragon (shapeshifter) (Depths:2)
  6 komodo dragons
  4 freezing wraiths
  2 hellwings
  9 ice devils
  2 anaconda simulacra (IceCv)
  13 demonic crawlers
  16 yaktaurs
  28 merfolk
  5 red devils
  3 tengu conjurers
  58 jumping spiders
  A queen bee (shapeshifter) (D:12)
  A hornet (shapeshifter) (D:14)
  4 large abominations (Elf:1)
  2 polar bears (Lair:6)
  A golden dragon simulacrum (IceCv)
  A raiju (shapeshifter) (Depths:5)
  14 hornets
  7 trolls
  A sphinx simulacrum (Depths:4)
  An ettin zombie (D:15)
  2 slime creatures (shapeshifter)
  7 wind drakes
  52 slime creatures
  16 dream sheep
  12 hippogriffs
  A deep troll zombie (D:15)
  7 snapping turtles
  7 blink frogs
  79 redbacks
  7 spriggans
  2 flying skulls (Depths:2)
  2 air elementals
  4 shadows
  A basilisk (shapeshifter) (Depths:2)
  13 water elementals
  3 wraiths (Depths:2)
  29 tarantellas
  A neqoxec (Depths:3)
  2 basilisks
  7 wyverns
  75 yaks
  2 fire bats (Volcano)
  3 golden eyes (Slime:1)
  2 death yak simulacra (IceCv)
  4 dire elephant simulacra (IceCv)
  4 fire elementals
  2 hungry ghosts
  3 hogs (Shoals:1)
  2 vampire mosquitoes (D:13)
  A warg (Orc:2)
  4 harpy simulacra (IceCv)
  2 iron troll simulacra (IceCv)
  9 soldier ants
  Edmund (D:5)
  4 hydra simulacra (IceCv)
  A floating eye (Depths:5)
  19 hell hounds
  13 water moccasins
  The ghost of michailiordanis the Skirmisher, an amateur OgBe of Trog (D:4)
  37 orc warriors
  7 porcupines
  3 sky beasts
  17 ogres
  5 eyes of draining
  3 black bears
  2 ice beasts
  13 boggarts
  3 phantoms
  16 centaurs
  7 ettin simulacra
  A tengu (shapeshifter) (Depths:4)
  2 necrophages (D:10)
  17 crocodiles
  6 elf zombies (Elf:1)
  Blork the orc (D:4)
  26 bullfrogs
  11 big kobolds
  2 earth elementals
  A wyvern zombie (D:14)
  3 wyvern skeletons
  4 scorpions
  14 killer bees
  13 wights
  7 electric eels
  9 howler monkeys
  10 crimson imps
  5 draconian simulacra (IceCv)
  2 centaur zombies
  5 lava snakes (Volcano)
  4 quasits
  3 bullfrog skeletons
  6 jellies
  27 orc wizards
  4 bullfrog zombies
  A gnoll shaman (D:9)
  20 orc priests
  7 hounds
  8 centaur skeletons
  6 iguanas
  26 worker ants
  A polar bear simulacrum (IceCv)
  3 troll simulacra (IceCv)
  A bullfrog simulacrum (D:12)
  4 centaur simulacra (IceCv)
  2 hound zombies
  2 hound skeletons
  8 gnolls
  2 gnolls (shapeshifter)
  2 naga simulacra (IceCv)
  An ogre simulacrum (IceCv)
  14 adders
  3 shadow imps
  6 white imps (IceCv)
  5 ufetubi (IceCv)
  An ooze (D:1)
  2 adder zombies
  4 adder skeletons
  A worm (D:2)
  3 dart slugs
  9 leopard geckos
  107 orcs
  8 bats
  4 giant cockroaches
  4 hobgoblins
  7 jackals (D:1)
  5 quokkas
  A ball python (D:1)
  4 frilled lizards
  8 goblins
  A jackal zombie (D:6)
  17 kobolds
  4 rats
  3 fungi
  5 plants
  7 tentacles
  A withered plant (D:15)
1963 creatures vanquished.

Vanquished Creatures (others)
  A deep elf annihilator (Elf:3)
  A yaktaur captain (Depths:5)
  2 satyrs
  A deep elf knight (Elf:2)
  A deep elf archer (Elf:1)
  An orb spider (Spider:3)
  A manticore (Shoals:2)
  A cyclops (Shoals:1)
  A deep elf mage (Elf:3)
  4 fauns
  A torpor snail (Spider:3)
  4 yaktaurs
  A tengu conjurer (Depths:2)
  A redback (Spider:3)
  A crimson imp (Depths:5)
  4 bushes (Lair:6)
  24 fungi
  38 plants
  12 tentacles
  6 withered plants (Orc:2)
106 creatures vanquished.

Grand Total: 2069 creatures vanquished

Notes
Turn   | Place    | Note
-------+----------+-------------------------------------------
     0 | D:1      | galech the Demonspawn Fighter began the quest for the Orb.
     0 | D:1      | Reached XP level 1. HP: 18/18 MP: 1/1
    81 | D:1      | Gained mutation: You have sharp toenails. [demonic
                  | ancestry]
    81 | D:1      | Reached XP level 2. HP: 15/24 MP: 2/2
   410 | D:1      | Reached skill level 2 in Axes
   410 | D:1      | Gained mutation: When hurt, damage is shared between your
                  | health and your magic reserves. [demonic ancestry]
   410 | D:1      | Reached XP level 3. HP: 29/29 MP: 3/3
  1059 | D:2      | Gained mutation: You regenerate magic rapidly. [demonic
                  | ancestry]
  1059 | D:2      | Reached XP level 4. HP: 32/35 MP: 4/4
  1631 | D:3      | Found an ornate altar of the Wu Jian Council.
  1641 | D:3      | Reached skill level 1 in Dodging
  1783 | D:4      | Reached skill level 3 in Axes
  1783 | D:4      | Gained mutation: You are partially covered in sharp spines.
                  | [demonic ancestry]
  1783 | D:4      | Reached XP level 5. HP: 35/41 MP: 5/5
  1869 | D:4      | Noticed Blork the orc
  1885 | D:4      | Killed Blork the orc
  1885 | D:4      | Reached skill level 4 in Axes
  1885 | D:4      | Gained mutation: You have razor-sharp toenails. [demonic
                  | ancestry]
  1885 | D:4      | Reached XP level 6. HP: 29/47 MP: 4/6
  1966 | D:4      | Found a transporter.
  2096 | D:4      | Found Hoixain's Gadget Shoppe.
  2220 | D:4      | Found a hazy altar of Hepliaklqana.
  2221 | D:4      | Found a shimmering altar of Xom.
  2221 | D:4      | Noticed a hell beast
  2222 | D:4      | Noticed a hell beast
  2222 | D:4      | Noticed a spectral ugly thing
  2245 | D:4      | Found a transporter.
  2245 | D:4      | Noticed michailiordanis's ghost (amateur OgBe)
  2392 | D:5      | Entered Level 5 of the Dungeon
  2392 | D:5      | Noticed an ice beast
  2405 | D:5      | Killed an ice beast
  2405 | D:5      | Reached XP level 7. HP: 19/53 MP: 3/7
  2505 | D:5      | Reached skill level 5 in Axes
  2767 | D:5      | Noticed Edmund
  2776 | D:5      | Killed Edmund
  3148 | D:5      | Found a staircase to the Ecumenical Temple.
  3159 | Temple   | Entered the Ecumenical Temple
  3180 | Temple   | Became a worshipper of Warmaster Okawaru
  3264 | D:6      | Noticed a hungry ghost
  3280 | D:6      | Reached skill level 5 in Armour
  3280 | D:6      | Gained mutation: You have a somewhat thin skeletal
                  | structure. (Dex +2, Stealth) [demonic ancestry]
  3280 | D:6      | Reached XP level 8. HP: 20/60 MP: 4/8
  3460 | D:6      | Reached skill level 6 in Axes
  3468 | D:6      | Reached * piety under Okawaru
  3661 | D:6      | Reached ** piety under Okawaru
  3856 | D:6      | Reached skill level 7 in Axes
  4104 | D:6      | Reached skill level 5 in Fighting
  4104 | D:6      | Reached skill level 1 in Stealth
  4126 | D:6      | Reached XP level 9. HP: 66/68 MP: 9/9
  4294 | D:6      | Found a glowing golden altar of the Shining One.
  4296 | D:6      | Found a glowing silver altar of Zin.
  4301 | D:6      | Found a white marble altar of Elyvilon.
  4327 | D:6      | Reached *** piety under Okawaru
  4645 | D:7      | Found a transporter.
  4716 | D:7      | Reached skill level 5 in Shields
  4806 | D:7      | Reached skill level 8 in Axes
  5375 | D:8      | Reached **** piety under Okawaru
  5604 | D:8      | Found a faded altar of an unknown god.
  5604 | D:8      | Found a faded altar of an unknown god.
  5609 | D:8      | Found a radiant altar of Vehumet.
  5611 | D:8      | Found a deep blue altar of Sif Muna.
  5612 | D:8      | Found a sacrificial altar of Ru.
  5928 | D:9      | Reached XP level 10. HP: 75/76 MP: 10/10
  5938 | D:9      | Reached skill level 9 in Axes
  5940 | D:9      | Reached ***** piety under Okawaru
  6256 | D:9      | Received a gift from Okawaru
  6259 | D:9      | Got an ichor-stained broad axe {god gift}
  6260 | D:9      | Identified the +3 broad axe of Spores {chop, Dex+3}
                  | (Okawaru gifted it to you on level 9 of the Dungeon)
  6453 | D:9      | Reached skill level 10 in Axes
  6865 | D:4      | Killed michailiordanis's ghost
  6969 | D:7      | Found a roughly hewn altar of Beogh.
  6969 | D:7      | Found a transporter.
  6979 | D:7      | Reached skill level 1 in Invocations
  7258 | D:10     | Entered Level 10 of the Dungeon
  7263 | D:10     | Gained mutation: You have a moderately thin skeletal
                  | structure. (Dex +4, Stealth+) [demonic ancestry]
  7263 | D:10     | Reached XP level 11. HP: 83/83 MP: 11/11
  7371 | D:10     | Received a gift from Okawaru
  7392 | D:10     | Got a crude short sword {god gift}
  7393 | D:10     | Identified the +5 short sword "Tisus" {pierce, Int+8}
                  | (Okawaru gifted it to you on level 10 of the Dungeon)
  8398 | D:10     | Found a staircase to the Lair.
  8427 | D:10     | Reached skill level 11 in Axes
  8531 | D:10     | Identified the +1 ring mail of Omalouc {Int+4}
  8571 | D:10     | Noticed a two-headed ogre
  8579 | D:10     | Killed a two-headed ogre
  8727 | D:10     | Reached ****** piety under Okawaru
  9135 | D:11     | Got a steaming jade ring
  9137 | D:11     | Identified the ring "Lunumm" {Wiz Str+5 Slay-3} (You found
                  | it on level 11 of the Dungeon)
  9158 | D:11     | Found the +7 longbow "Piercer" {penet, EV-2}
  9260 | D:11     | Received a gift from Okawaru
  9550 | D:11     | Noticed a sun demon
  9797 | D:11     | Found a roughly hewn altar of Beogh.
  9799 | D:11     | Found a staircase to the Orcish Mines.
 10166 | D:11     | Noticed a three-headed hydra
 10171 | D:11     | Killed a one-headed hydra
 10643 | D:11     | Noticed a two-headed ogre
 10662 | D:11     | Killed a two-headed ogre
 10662 | D:11     | Reached skill level 12 in Axes
 10662 | D:11     | Gained mutation: You have an unnaturally thin skeletal
                  | structure. (Dex +6, Stealth++) [demonic ancestry]
 10662 | D:11     | Reached XP level 12. HP: 56/93 MP: 7/12
 10916 | Lair:1   | Entered Level 1 of the Lair of Beasts
 11250 | Lair:1   | Noticed an eight-headed hydra
 11261 | Lair:1   | Killed a two-headed hydra
 11261 | Lair:1   | Received a gift from Okawaru
 12308 | Lair:2   | Found a dark tunnel.
 12321 | Volcano  | Entered a volcano
 12569 | Volcano  | Found a bloodstained altar of Trog.
 12574 | Volcano  | Received a gift from Okawaru
 13021 | Lair:2   | Noticed Urug
 13033 | Lair:2   | Killed Urug
 13099 | Lair:2   | Reached skill level 13 in Axes
 13688 | Lair:2   | Noticed a queen ant
 13695 | Lair:2   | Reached XP level 13. HP: 89/101 MP: 12/14
 14561 | Lair:2   | Noticed Gastronok
 14581 | Lair:2   | Killed Gastronok
 14581 | Lair:2   | Received a gift from Okawaru
 14581 | Lair:2   | Reached skill level 10 in Armour
 14959 | Lair:3   | Found a hole to the Spider Nest.
 15172 | Lair:3   | Found a labyrinth entrance.
 15183 | Lab      | Entered a labyrinth
 15500 | Lab      | Identified the +5 great sword of Fenkoeti {antimagic, rF+
                  | Str+3}
 15500 | Lab      | Noticed a minotaur
 15517 | Lab      | Killed a minotaur
 16291 | Lair:4   | Found a staircase to the Shoals.
 16734 | Lair:5   | Reached skill level 14 in Axes
 16990 | Lair:5   | Received a gift from Okawaru
 17270 | Lair:5   | Found a staircase to the Slime Pits.
 17579 | Lair:6   | Entered Level 6 of the Lair of Beasts
 17593 | Lair:6   | Reached skill level 10 in Fighting
 18010 | Lair:5   | Gained mutation: You resist negative energy. (rN+) [demonic
                  | ancestry]
 18010 | Lair:5   | Reached XP level 14. HP: 76/110 MP: 15/15
 18577 | Lair:6   | Reached skill level 15 in Axes
 18612 | Lair:6   | Received a gift from Okawaru
 18749 | Lair:6   | Received a gift from Okawaru
 19058 | Lair:6   | Received a gift from Okawaru
 19086 | Lair:6   | Got a pitted battleaxe {god gift}
 19683 | Orc:1    | Entered Level 1 of the Orcish Mines
 19703 | Orc:1    | Noticed a stone giant
 19724 | Orc:1    | Killed a stone giant
 20067 | Orc:1    | Noticed Harold
 20086 | Orc:1    | Killed Harold
 20086 | Orc:1    | Reached skill level 5 in Dodging
 20356 | Orc:2    | Entered Level 2 of the Orcish Mines
 20357 | Orc:2    | Found Nehiudor's Jewellery Shop.
 20563 | Orc:2    | Received a gift from Okawaru
 20567 | Orc:2    | Got a scorched demon trident {god gift}
 20598 | Orc:2    | Identified the +1 demon trident "Arbiter" {pierce, rN++
                  | MR-} (Okawaru gifted it to you on level 2 of the Orcish
                  | Mines)
 20870 | Orc:2    | Found Wist's Magic Scroll Shop.
 20896 | Orc:2    | Found Rety Hel's General Store.
 21012 | Orc:2    | Bought a scroll of magic mapping for 52 gold pieces
 21012 | Orc:2    | Bought a scroll of blinking for 112 gold pieces
 21012 | Orc:2    | Bought a scroll of teleportation for 45 gold pieces
 21012 | Orc:2    | Bought a scroll of identify for 30 gold pieces
 21136 | Orc:2    | Reached skill level 10 in Shields
 21373 | Orc:2    | Received a gift from Okawaru
 21442 | Orc:2    | Reached skill level 16 in Axes
 21570 | Orc:2    | Reached XP level 15. HP: 74/119 MP: 16/16
 21862 | Orc:2    | Found a runed gate.
 21863 | Orc:2    | Found a runed gate.
 21863 | Orc:2    | Noticed eyesofgods1's ghost (journeyman VSTm)
 21863 | Orc:2    | Noticed MisterFreud's ghost (journeyman TrHu)
 21864 | Orc:2    | Found a runed gate.
 21887 | Orc:2    | Found a roughly hewn altar of Beogh.
 21926 | Orc:2    | Noticed Erolcha
 21937 | Orc:2    | Killed Erolcha
 22256 | Orc:2    | Found a staircase to the Elven Halls.
 22379 | Orc:2    | Found Otont's Book Emporium.
 22379 | Orc:2    | Found Ycunneat's Antique Weapon Shoppe.
 22380 | Orc:2    | Found a one-way gate leading to the halls of Pandemonium.
 22985 | D:12     | Received a gift from Okawaru
 23006 | D:12     | Identified a +0 pair of boots of running (Okawaru gifted it
                  | to you on level 12 of the Dungeon)
 24001 | D:13     | Identified the cursed +3 hunting sling "Nahink" {velocity,
                  | rElec Int+2 Dex+2}
 24345 | D:13     | Reached skill level 17 in Axes
 24788 | D:13     | Found a gate to the Vaults.
 25168 | D:14     | Found a shattered altar of Ashenzari.
 25300 | D:14     | Got a crude leather armour
 25317 | D:14     | Identified the +1 leather armour of the Townfolk {*Contam
                  | rF+ Dex+2} (You found it on level 14 of the Dungeon)
 25358 | D:14     | Gained mutation: Your magical capacity is low. (-10% MP)
                  | [mutagenic glow]
 25401 | D:14     | Noticed Agnes
 25415 | D:14     | Killed Agnes
 25415 | D:14     | Received a gift from Okawaru
 25677 | D:15     | Entered Level 15 of the Dungeon
 25817 | D:15     | Found a staircase to the Depths.
 25848 | D:15     | Gained mutation: You have claws for feet. [demonic
                  | ancestry]
 25848 | D:15     | Reached XP level 16. HP: 78/128 MP: 16/16
 26063 | D:15     | Found a snail-covered altar of Cheibriados.
 26246 | D:15     | Received a gift from Okawaru
 26525 | Orc:2    | Killed eyesofgods1's ghost
 26530 | Orc:2    | Killed MisterFreud's ghost
 26536 | Orc:2    | Got a slimy diamond amulet
 26548 | Orc:2    | Identified the amulet "Myekheum" {Reflect rC+ rN+ SH+4}
                  | (You found it on level 2 of the Orcish Mines)
 26633 | Elf:1    | Entered Level 1 of the Elven Halls
 27187 | Elf:1    | Identified Wyol's Guide on Dark Rites
 27929 | Elf:1    | Found a sparkling altar of Nemelex Xobeh.
 28180 | Elf:2    | Found a runed gate.
 28180 | Elf:2    | Found a runed gate.
 28181 | Elf:2    | Found a runed gate.
 28535 | Elf:2    | Reached skill level 18 in Axes
 29087 | Elf:2    | Noticed a deep elf blademaster
 29101 | Elf:2    | Killed a deep elf blademaster
 29101 | Elf:2    | Received a gift from Okawaru
 29115 | Elf:2    | Got an ancient hand axe {god gift}
 29118 | Elf:2    | Identified the +1 hand axe "Zousewio" {pain, +Inv rF+}
                  | (Okawaru gifted it to you on level 2 of the Elven Halls)
 30235 | Elf:3    | Entered Level 3 of the Elven Halls
 30247 | Elf:3    | Received a gift from Okawaru
 30264 | Elf:3    | Got a smoking plate armour {god gift}
 30275 | Elf:3    | Identified the +0 plate armour "Ratwocku" {+Fly rF+ MR++
                  | Stlth-} (Okawaru gifted it to you on level 3 of the Elven
                  | Halls)
 30442 | Elf:3    | Reached XP level 17. HP: 137/137 MP: 17/17
 30546 | Elf:3    | Noticed Donald
 30567 | Elf:3    | Killed Donald
 30843 | Elf:3    | Identified Roxanne's Compendium of Transmigration
 30843 | Elf:3    | Noticed Roxanne
 30866 | Elf:3    | Killed Roxanne
 31184 | Elf:3    | Found an ancient bone altar of Kikubaaqudgha.
 31204 | Elf:3    | Identified the +4 whip of Urgency {slash, Stlth+}
 31493 | Elf:3    | Identified the +8 war axe "Ytamiweph" {elec, rPois Dex+6}
 31493 | Elf:3    | Identified the ring "Tuokin" {*Drain rPois rN+++ MP+9
                  | Str+5}
 32042 | Elf:3    | Identified the +9 flail "Taedghemi" {freeze, rElec rPois
                  | rF- Str-3}
 32435 | Elf:3    | Identified the ring of Modesty {*Drain rElec rPois rF+
                  | Str+5}
 32443 | Elf:3    | Noticed an Ice Fiend
 32897 | Elf:3    | Received a gift from Okawaru
 33031 | Elf:3    | Noticed a deep elf master archer
 33040 | Elf:3    | Killed a deep elf master archer
 34551 | Depths:1 | Entered Level 1 of the Depths
 34975 | D:15     | Reached XP level 18. HP: 93/147 MP: 19/19
 36273 | Depths:1 | Found a gateway to a ziggurat.
 36340 | Depths:1 | Found a gateway to Hell.
 36634 | Depths:2 | Received a gift from Okawaru
 36646 | Depths:2 | Reached skill level 19 in Axes
 36856 | Depths:2 | Reached skill level 15 in Fighting
 36911 | Depths:2 | Received a gift from Okawaru
 37077 | Depths:2 | Found a basalt altar of Yredelemnul.
 37352 | Depths:2 | Reached skill level 5 in Invocations
 37900 | Depths:2 | Found a deep blue altar of Sif Muna.
 37916 | Depths:2 | Identified the cursed +2 long sword of Spite {slice, +Blink
                  | Dex+2 SInv}
 37961 | Depths:2 | Noticed a juggernaut
 37978 | Depths:2 | Killed a juggernaut
 38069 | Depths:2 | Identified the +2 ring mail "Zozijic" {+Blink Int-2 SInv
                  | Stlth+}
 38406 | Depths:2 | Received a gift from Okawaru
 38418 | Depths:2 | Got a smoking war axe {god gift}
 38425 | Depths:2 | Identified the +0 war axe of Skirmishing {chop, rElec}
                  | (Okawaru gifted it to you on level 2 of the Depths)
 38435 | Depths:2 | Noticed a golden dragon
 38437 | Depths:2 | Identified the amulet "Howyref" {+Rage rPois MR+ Int+7
                  | Dex-4}
 38452 | Depths:2 | Killed a golden dragon
 38452 | Depths:2 | Reached XP level 19. HP: 43/157 MP: 5/20
 39005 | Depths:2 | Found a snail-covered altar of Cheibriados.
 39461 | Depths:2 | Received a gift from Okawaru
 39659 | Depths:2 | Noticed a juggernaut
 39671 | Depths:2 | Killed a juggernaut
 39697 | Depths:2 | Found a radiant altar of Vehumet.
 39907 | Depths:2 | Received a gift from Okawaru
 40426 | Depths:3 | Reached skill level 15 in Shields
 40786 | Depths:3 | Noticed Sojobo
 40799 | Depths:3 | Killed Sojobo
 40799 | Depths:3 | Received a gift from Okawaru
 40862 | Depths:3 | Gained mutation: You are mostly covered in sharp spines.
                  | [demonic ancestry]
 40862 | Depths:3 | Reached XP level 20. HP: 93/166 MP: 21/21
 41625 | Depths:3 | Reached skill level 20 in Axes
 42354 | Depths:4 | Received a gift from Okawaru
 42804 | Depths:4 | Found a one-way gate to the infinite horrors of the Abyss.
 43578 | Depths:4 | Noticed a golden dragon
 43595 | Depths:4 | Killed a golden dragon
 43673 | Depths:4 | Received a gift from Okawaru
 43935 | Depths:4 | Identified Hiesh's Catalogue of the Frigorific Volcanoes
 44065 | Depths:5 | Entered Level 5 of the Depths
 44185 | Depths:5 | Noticed a caustic shrike
 44186 | Depths:5 | Noticed a caustic shrike
 44187 | Depths:5 | Noticed a caustic shrike
 44191 | Depths:5 | Killed a caustic shrike
 44196 | Depths:5 | Killed a caustic shrike
 44201 | Depths:5 | Killed a caustic shrike
 44254 | Depths:5 | Reached XP level 21. HP: 113/176 MP: 23/23
 44350 | Depths:5 | Received a gift from Okawaru
 44517 | Depths:5 | Noticed a caustic shrike
 44518 | Depths:5 | Noticed a caustic shrike
 44519 | Depths:5 | Noticed a caustic shrike
 44522 | Depths:5 | Noticed a caustic shrike
 44528 | Depths:5 | Killed a caustic shrike
 44528 | Depths:5 | Received a gift from Okawaru
 44528 | Depths:5 | Reached skill level 15 in Armour
 44531 | Depths:5 | Killed a caustic shrike
 44532 | Depths:5 | Killed a caustic shrike
 44545 | Depths:5 | Killed a caustic shrike
 44548 | Depths:5 | Got a dazzling broad axe {god gift}
 44549 | Depths:5 | Identified the +10 broad axe "Atahoyra" {protect, +Fly
                  | rPois Int+3} (Okawaru gifted it to you on level 5 of the
                  | Depths)
 44810 | Depths:5 | Received a gift from Okawaru
 44971 | Depths:5 | Noticed a caustic shrike
 44973 | Depths:5 | Noticed a caustic shrike
 44974 | Depths:5 | Noticed a caustic shrike
 44975 | Depths:5 | Noticed a caustic shrike
 44977 | Depths:5 | Noticed a caustic shrike
 44980 | Depths:5 | Killed a caustic shrike
 44985 | Depths:5 | Killed a caustic shrike
 44988 | Depths:5 | Killed a caustic shrike
 44993 | Depths:5 | Killed a caustic shrike
 44996 | Depths:5 | Killed a caustic shrike
 45200 | Depths:5 | Noticed a golden dragon
 45212 | Depths:5 | Paralysed by a floating eye for 2 turns
 45215 | Depths:5 | Killed a golden dragon
 45441 | Depths:5 | Found a gate to the Realm of Zot.
 45834 | Depths:5 | HP: 4/178 [hellion/damnation (12)]
 46501 | Slime:1  | Entered Level 1 of the Pits of Slime
 47185 | Slime:1  | Received a gift from Okawaru
 47220 | Slime:2  | Reached skill level 21 in Axes
 47599 | Lair:5   | Upgraded the game from 0.23-a0-408-g9d4b7ed to
                  | 0.23-a0-416-g33f1def
 47698 | Spider:1 | Entered Level 1 of the Spider Nest
 47730 | Spider:1 | Gained mutation: You are somewhat able to resist unholy
                  | torments (1 in 2 success). [demonic ancestry]
 47730 | Spider:1 | Reached XP level 22. HP: 127/186 MP: 24/24
 48359 | Spider:1 | Found a transporter.
 48361 | Spider:1 | Found a transporter.
 49097 | Spider:2 | Received a gift from Okawaru
 50013 | Spider:3 | Found a roughly hewn altar of Beogh.
 50024 | Spider:3 | Got a transparent leather armour
 50035 | Spider:3 | Identified the +2 leather armour of the Scribe {rF+} (You
                  | found it on level 3 of the Spider Nest)
 50115 | Spider:4 | Entered Level 4 of the Spider Nest
 50132 | Spider:4 | Noticed Arachne
 50145 | Spider:4 | Killed Arachne
 51018 | Spider:4 | Got a gossamer rune of Zot
 51238 | Shoals:1 | Entered Level 1 of the Shoals
 51344 | Shoals:2 | Received a gift from Okawaru
 51360 | Shoals:2 | Found Otiax's Gadget Emporium.
 51752 | Shoals:1 | Noticed Kirke
 51765 | Shoals:1 | Killed Kirke
 52269 | Shoals:2 | Gained mutation: Your melee attacks may debilitate your
                  | foes. [demonic ancestry]
 52269 | Shoals:2 | Reached XP level 23. HP: 194/194 MP: 25/25
 52782 | Shoals:3 | Received a gift from Okawaru
 53080 | Shoals:4 | Entered Level 4 of the Shoals
 53190 | Shoals:4 | Found a frozen archway.
 53199 | IceCv    | Entered an ice cave
 53567 | IceCv    | Got a heavily runed copper ring
 53743 | IceCv    | Identified the ring of Padwodd {rF+ Str+5} (You found it in
                  | an ice cave)
 54020 | Shoals:4 | Got a barnacled rune of Zot
 54142 | Shoals:4 | Found the +8 orange crystal plate armour {Archmagi, Int+3
                  | Clar}
 54770 | Slime:2  | Gained mutation: You are frail. (-10% HP) [a shining eye]
 54771 | Slime:2  | Gained mutation: Potions are less effective at restoring
                  | your health. [a shining eye]
 54781 | Slime:2  | Gained mutation: Your spells are a little easier to cast,
                  | but a little less powerful. [a shining eye]
 55146 | Slime:4  | Gained mutation: You can translocate small distances at
                  | will. [a shining eye]
 55148 | Slime:4  | Received a gift from Okawaru
 55165 | Slime:2  | HP: 6/176 [acid (4)]
 55166 | Slime:2  | HP: 2/176 [acid (3)]
 55166 | Slime:2  | Splashed by an acid blob's acid

Vault maps used:
D:1:      lightli_arrival_statuegarden
D:2:      minmay_hexomino_f4
D:3:      old_standard_altar
D:4:      regret_index_temple_of_mockery, serial_shops, shop,
          gammafunk_ghost_mausoleum, st_stairs_3, uniq_blork_the_orc
D:5:      minmay_temple_entry_fiery, first_ration, moated_statue,
          kennysheep_small_circle, uniq_edmund
D:6:      good_gods_mini_temple
D:7:      gammafunk_beogh_shrine
D:8:      chequers_temple_overflow_minitemple
D:9:      serial_glass, glass_columns_a, glass_columns_c
D:10:     grunt_lair_entry_orc_guard_hut
D:11:     david_orc_5, hangedman_ranch, kennysheep_cluttered_room
D:12:     solitary_fountain, palyth_stone_intersect, grunt_tough_drop
D:13:     hangedman_vaults_entry_quadrant_bands
D:14:     evilmike_ruin_ashenzari, uniq_agnes
D:15:     gammafunk_depths_entry_grave, cheibriados_altar_1
Temple:   nicolae_temple_god_jail
Lair:1:   serial_forest, infiniplex_forest_straight_4,
          infiniplex_forest_clump_small, infiniplex_forest_lined_3,
          infiniplex_forest_clump_diagonal, infiniplex_forest_clump_C,
          infiniplex_forest_clump_tiny, infiniplex_forest_zigzag_1,
          chequers_serial_rivers_marsh, serial_bayou_shore_b, grunt_megastairs_1
Lair:2:   statuecave_lemuel, enter_volcano_3, zaba_antful_of_joy,
          uniq_gastronok, uniq_urug
Lair:3:   nicolae_spider_entry_orb_guardian, lab_entry_generic
Lair:4:   shoals_dummy_entry, serial_bayou_crossing
Lair:5:   minmay_slime_entry_pillars, grunt_megastairs_2, serial_bayou_shore_b
Lair:6:   gammafunk_lair_ancient_temple
Shoals:1: uniq_kirke
Shoals:2: serial_shops, nicolae_shop_crystal
Shoals:4: shoals_end_grunt_ice, portal_ice_cave_entry_pillars_1
Spider:1: gammafunk_the_bubble, guppyfry_spider_mini_2
Spider:2: spider_trap
Spider:3: nicolae_spider_mines_2, nicolae_orb_island
Spider:4: grunt_spider_rune_parallel, uniq_arachne
Slime:2:  cheibrodos_slime_lost_civilization_2, nicolae_slime_round_cave
Orc:1:    uniq_harold
Orc:2:    pf_orc_diabolical, basic_altar, gammafunk_ghost_cemetery,
          serial_shops, nicolae_shop_statue_plus, uniq_erolcha
Elf:1:    eino_elf_arrival_sip, minmay_elf_necromancy, nemelex_altar_shiori
Elf:3:    minmay_elf_hall_spiked, basic_altar, serial_sigils_hangedman_gnaw,
          uniq_donald, uniq_roxanne
Depths:1: enter_ziggurat_b, grunt_hell_horde, special_room, bh_walls_and_bars,
          serial_bayou_shore_a, serial_bayou_shore_b
Depths:2: grunt_profane_halls, pan_entry, hell_entry
Depths:3: minmay_distorted_concentric_squares, rand_demon_pan_entry_7,
          grunt_hell_entry_dis_old, chequers_jeans, uniq_sojobo
Depths:4: minmay_sliced_demisemicircle, minmay_staircase_bubble, abyss_entry,
          pf_coc_iceberg
Depths:5: grunt_zot_entry_bicorn, serial_bayou_ford_a, abyss_entry, hellmouth_1
Lab:      labyrinth_spiral, nicolae_lab_diamond, nicolae_lab_quarters,
          nicolae_lab_checkerboard, labyrinth_skeletal_remains
IceCv:    ice_cave_caverns_01
Volcano:  volcano_lake

Skill      XL: |  1  2  3  4  5  6  7  8  9 10 11 12 13 14 15 16 17 18 19 20 21 22 23 |
---------------+----------------------------------------------------------------------+-----
Shields        | 3 4 5 6 7 8 9 10 11 12 14 15 16 17 18 19 | 19.3
Axes           | 2 3 4 5 7 8 10 12 13 14 16 17 18 19 20 21 | 21.8
Armour         | 3 4 5 6 7 8 9 10 11 12 13 14 15 | 15.8
Dodging        | 1 2 3 4 5 |  5.3
Fighting       | 4 5 6 8 9 10 11 12 13 14 15 16 17 18 19 | 19.9
Stealth        | 1 2 3 |  3.2
Invocations    | 1 2 3 4 5 6 7 |  7.7
Evocations     | |  0.2

Action                   |  1- 3 |  4- 6 |  7- 9 | 10-12 | 13-15 | 16-18 | 19-21 | 22-24 || total
-------------------------+-------+-------+-------+-------+-------+-------+-------+-------++-------
Melee: War axe           |   103 |   113 |   233 |    36 |    89 |   549 |   805 |       ||  1928
       Kick              |    19 |    32 |    74 |    48 |       |   604 |   682 |   660 ||  2119
       Broad axe         |       |       |       |   499 |  1078 |   492 |   261 |  1296 ||  3626
       Hand axe          |       |       |       |    77 |    68 |    17 |       |       ||   162
Invok: Heroism           |       |       |     2 |     8 |    17 |    21 |    13 |     3 ||    64
       Finesse           |       |       |       |     1 |     3 |     4 |     4 |       ||    12
 Abil: Stop Flying       |       |       |       |     2 |     1 |       |       |       ||     3
       Evoke Flight      |       |       |       |     2 |       |       |       |       ||     2
  Use: Scroll            |       |     4 |       |     8 |    14 |    10 |    10 |     7 ||    53
       Potion            |       |     1 |     3 |       |       |     3 |     1 |     1 ||     9
 Stab: Distracted        |       |       |     1 |       |     1 |     1 |     1 |       ||     4
  Eat: Chunk             |     1 |     4 |     9 |    21 |    34 |    41 |    21 |    23 ||   154
       Ration            |       |       |     1 |     2 |     2 |       |     3 |     2 ||    10
Armor: Scale mail        |    48 |     7 |    39 |       |    17 |       |       |       ||   111
       Chain mail        |    14 |    45 |       |    17 |   189 |       |       |       ||   265
       Plate armour      |       |       |    30 |   233 |   267 |   107 |       |       ||   637
       Crystal plate arm |       |       |       |       |       |   446 |   352 |       ||   798
       Gold dragon scale |       |       |       |       |       |       |   139 |   512 ||   651
Dodge: Dodged            |    24 |    19 |    77 |   143 |   367 |   287 |   281 |   205 ||  1403
       Deflected         |       |       |     4 |    11 |    28 |     7 |       |       ||    50
Block: Shield            |    63 |    56 |   132 |   349 |   402 |       |       |       ||  1002
       Buckler           |       |       |       |       |   267 |   722 |   694 |       ||  1683
       Reflection        |       |       |       |       |       |    58 |    36 |    83 ||   177
       Large shield      |       |       |       |       |       |       |    43 |  1822 ||  1865

Table legend:
 A = Non-vault XP
 B = Vault XP
 C = Vault XP percentage of total XP
 D = Non-vault monster count
 E = Vault monster count
 F = Vault count percentage of total count
                 A         B        C        D         E       F
            +---------+---------+-------+---------+---------+-------
      Total |  534888 |  394751 |  42.5 |    1266 |     700 |  35.6
            +---------+---------+-------+---------+---------+-------
        D:1 |      60 |       0 |   0.0 |      28 |       0 |   0.0
        D:2 |      73 |       3 |   3.9 |      14 |       3 |  17.6
        D:3 |      55 |       0 |   0.0 |      17 |       0 |   0.0
        D:4 |     353 |     340 |  49.1 |      17 |       5 |  22.7
        D:5 |     341 |     198 |  36.7 |      18 |       2 |  10.0
        D:6 |    2269 |       0 |   0.0 |      39 |       0 |   0.0
        D:7 |    1097 |     757 |  40.8 |      23 |      16 |  41.0
        D:8 |     944 |       0 |   0.0 |      19 |       0 |   0.0
        D:9 |    4601 |       0 |   0.0 |      40 |       0 |   0.0
       D:10 |    3556 |     814 |  18.6 |      37 |       5 |  11.9
       D:11 |    4229 |    2752 |  39.4 |      39 |      31 |  44.3
       D:12 |    7688 |    1799 |  19.0 |      51 |       6 |  10.5
       D:13 |   12842 |    7183 |  35.9 |      43 |      20 |  31.7
       D:14 |    2849 |    2177 |  43.3 |      15 |       1 |   6.2
       D:15 |   17631 |    8553 |  32.7 |      42 |      15 |  26.3
     Lair:1 |    3050 |    1513 |  33.2 |      11 |       8 |  42.1
     Lair:2 |    5190 |    6957 |  57.3 |      25 |      35 |  58.3
     Lair:3 |    2530 |     566 |  18.3 |      14 |       1 |   6.7
     Lair:4 |    2806 |       0 |   0.0 |       8 |       0 |   0.0
     Lair:5 |   14447 |    3773 |  20.7 |      36 |      12 |  25.0
     Lair:6 |   13926 |    7505 |  35.0 |      46 |      21 |  31.3
   Shoals:1 |   15599 |    2706 |  14.8 |      32 |       4 |  11.1
   Shoals:2 |   13136 |       0 |   0.0 |      27 |       0 |   0.0
   Shoals:3 |   19926 |       0 |   0.0 |      38 |       0 |   0.0
   Shoals:4 |    8404 |   15887 |  65.4 |      14 |      27 |  65.9
   Spider:1 |   23372 |    1913 |   7.6 |      57 |       8 |  12.3
   Spider:2 |   27197 |       0 |   0.0 |      71 |       0 |   0.0
   Spider:3 |   13207 |    6041 |  31.4 |      36 |      13 |  26.5
   Spider:4 |   14007 |   26841 |  65.7 |      35 |      49 |  58.3
    Slime:1 |   10259 |       0 |   0.0 |      13 |       0 |   0.0
    Slime:2 |   14688 |    6534 |  30.8 |      15 |       8 |  34.8
    Slime:3 |    9793 |       0 |   0.0 |      17 |       0 |   0.0
    Slime:4 |    7373 |       0 |   0.0 |      11 |       0 |   0.0
      Orc:1 |    2079 |     992 |  32.3 |      11 |       1 |   8.3
      Orc:2 |    5304 |   21219 |  80.0 |      32 |      64 |  66.7
      Elf:1 |   14771 |    4430 |  23.1 |      24 |      14 |  36.8
      Elf:2 |   10794 |   23623 |  68.6 |      17 |      28 |  62.2
      Elf:3 |   18697 |   42720 |  69.6 |      30 |      31 |  50.8
   Depths:1 |   13895 |   10985 |  44.2 |      22 |      27 |  55.1
   Depths:2 |    9890 |  106933 |  91.5 |      17 |     125 |  88.0
   Depths:3 |   42798 |   21008 |  32.9 |      51 |      17 |  25.0
   Depths:4 |   42832 |   17831 |  29.4 |      58 |      11 |  15.9
   Depths:5 |   96330 |   22846 |  19.2 |      56 |      15 |  21.1
        Lab |       0 |    1731 | 100.0 |       0 |       3 | 100.0
      IceCv |       0 |   10857 | 100.0 |       0 |      59 | 100.0
    Volcano |       0 |    4764 | 100.0 |       0 |      15 | 100.0
            +---------+---------+-------+---------+---------+-------
